 Dungeon Crawl Stone Soup version 0.27-a0-773-gaaee5cf45b (webtiles) character file.

Game seed: 2332030412951004681

25 sleeves the Grasshopper (level 2, -1/16 HPs)
             Began as a Deep Elf Warper on Mar 25, 2021.
             Killed by Freeze
             ... generated by an endoplasm
              (4 damage)
             ... on level 1 of the Dungeon.
             The game lasted 00:05:17 (1618 turns).

sleeves the Grasshopper (Deep Elf Warper)           Turns: 1618, Time: 00:05:18

Health: -1/16      AC:  3    Str:  8    XL:     2   Next: 86%
Magic:  8/8        EV: 12    Int: 17    God:
Gold:   13         SH:  0    Dex: 14    Spells: 5/7 levels left

rFire    . . .     SeeInvis .   a - +0 falchion
rCold    . . .     Faith    .   (no shield)
rNeg     . . .     Spirit   .   b - +0 leather armour
rPois    .         Reflect  .   (no helmet)
rElec    .         Harm     .   (no cloak)
rCorr    .         Rampage  .   (no gloves)
Will     .....                  (no boots)
Stlth    +.........             (no amulet)
HPRegen  0.05/turn              (no ring)
MPRegen  0.11/turn              (no ring)

@: no status effects
A: no striking features
a: no special abilities


You were on level 1 of the Dungeon.
You visited 1 branch of the dungeon, and saw 2 of its levels.

You collected 13 gold pieces.

Inventory:

Hand Weapons
 a - a +0 falchion (weapon)
Missiles
 e - 5 boomerangs of dispersal
 f - 6 stones (quivered)
 g - 6 boomerangs
Armour
 b - a +0 leather armour (worn)
 h - a +0 buckler
   (You found it on level 1 of the Dungeon)
Potions
 c - a potion of attraction {unknown}
 d - a potion of heal wounds {unknown}


   Skills:
 - Level 1.5 Fighting
 + Level 3.1 Long Blades
 - Level 1.0 Throwing
 - Level 0.7 Armour
 - Level 2.4 Dodging
 - Level 3.0 Spellcasting
 - Level 3.2 Translocations


You had 5 spell levels left.
You knew the following spells:

 Your Spells              Type           Power      Damage    Failure   Level
a - Blink                 Tloc           N/A        N/A       10%         2

Your spell library contained the following spells:

 Spells                   Type           Power      Damage    Failure   Level
 Gell's Gravitas          Tloc           6%         N/A       19%         3
 Lesser Beckoning         Tloc           6%         N/A       19%         3
 Teleport Other           Tloc           13%        N/A       19%         3
 Ignite Poison            Fire/Tmut/Pois 2%         N/A       58%         3
 Manifold Assault         Tloc           13%        N/A       87%         5
 Fireball                 Conj/Fire      1%         3d3       100%        5
 Starburst                Conj/Fire      1%         8x6d3     100%        6
 Ignition                 Fire           1%         3d3       100%        8


Dungeon Overview and Level Annotations

Branches:
Dungeon (2/15)

Altars:

Shops:
D:1 **

Annotations:
D:2 Natasha, Terence


Message History

Welcome, sleeves the Deep Elf Warper.
The bosom of this dungeon contains the transcendent artefact, the Orb of Zot.
Press ? for a list of commands and other information.
Found 7 gold pieces and a trident.
Found a staircase leading out of the dungeon.
You don't know any spells.
Okay, then.
You now have 7 gold pieces.
You open the door.
You fall into a shaft and drop 1 floor!
The shaft crumbles and collapses.
A hobgoblin comes into view.
The hobgoblin shouts!
A kobold comes into view. It is wielding a +0 club.
The kobold shouts!
A kobold comes into view. It is wielding a +0 dagger.
The kobold shouts!
Found a ring mail and 3 scrolls labelled ZITIESO SASIDD.
A kobold comes into view. It is wielding a +0 dagger.
The kobold shouts!
You see here a +0 ring mail.
You open the door.
Terence the Incautious comes into view.
He is wielding a +0 flail of protection.
Terence shouts!
The kobold throws a stone.
The stone closely misses you.
There is an open door here.
A hobgoblin comes into view.
Found a robe.
The hobgoblin shouts!
You aren't carrying any potions.
Unknown command.
Okay, then.
The hobgoblin closely misses you.
You barely miss the hobgoblin. The hobgoblin completely misses you.
The hobgoblin hits you but does no damage.
You closely miss the hobgoblin. The hobgoblin barely misses you.
The kobold closely misses you.
You closely miss the hobgoblin. The hobgoblin completely misses you.
You riposte.
You hit the hobgoblin.
The hobgoblin is heavily wounded.
The kobold hits you with a +0 dagger.
You hit the hobgoblin.
You kill the hobgoblin!
The kobold closely misses you.
Natasha, Servant of Life and Death comes into view.
Blink to where?
Press: ? - help, Dir - move target
As you read the scroll of blinking, it crumbles to dust.
A worm comes into view.
Terence screams, "I want your blood!"
You open the door.
A hobgoblin comes into view.
Terence says, "Did you write a will?
You should..."
There is an open door here.
The hobgoblin shouts!
The kobold closely misses you. The hobgoblin misses you.
The hobgoblin closely misses you.
You riposte.
You hit the hobgoblin but do no damage.
Terence shouts, "Get ready for death!"
You closely miss the hobgoblin. The hobgoblin hits you.
Ouch! That really hurt!
* * * LOW HITPOINT WARNING * * *
Found a scroll labelled LIGI TERASEIT.
The hobgoblin hits you.
* * * LOW HITPOINT WARNING * * *
Found an escape hatch in the ceiling.
Found 20 stones.
A hobgoblin opens the door.
There is an escape hatch in the ceiling here.
A mysterious force pulls you upwards. The hatch slams shut behind you.
You start resting.
You start resting.
HP restored.
A bat comes into view.
Found Lucosu's Assorted Antiques.
A bat is nearby!
A bat is nearby!
A bat is nearby!
A kobold comes into view. It is wielding a +0 short sword.
The kobold shouts!
The bat closely misses you.
You riposte.
You closely miss the bat. The bat closely misses you.
You hit the bat.
The bat is moderately wounded.
The bat closely misses you.
You closely miss the bat.
The bat is moderately wounded.
The bat barely misses you. The kobold closely misses you.
You riposte.
You completely miss the kobold. You hit the kobold.
The kobold is heavily wounded.
The bat closely misses you. The kobold hits you but does no damage.
The kobold hits you with a +0 short sword.
You hit the kobold but do no damage.
The kobold is heavily wounded.
The bat barely misses you. The kobold barely misses you.
You riposte.
You barely miss the kobold.
The kobold is heavily wounded.
You closely miss the kobold.
The kobold is heavily wounded.
The bat barely misses you.
The kobold hits you with a +0 short sword.
You barely miss the kobold.
The kobold is heavily wounded.
The bat hits you but does no damage.
The kobold hits you with a +0 short sword.
Ouch! That really hurt!
* * * LOW HITPOINT WARNING * * *
You are too injured to fight recklessly!
The bat misses you.
You riposte.
You barely miss the bat. The bat misses you.
You riposte.
You closely miss the bat. The bat hits you but does no damage.
The bat misses you.
You riposte.
You closely miss the bat. The bat hits you.
* * * LOW HITPOINT WARNING * * *
The bat closely misses you. The bat barely misses you.
You riposte.
You hit the bat.
You kill the bat!
Your Long Blades skill increases to level 2!
You see here a bat corpse.
You see here a bat corpse.
You see here a bat corpse.
You see here a bat corpse.
The kobold throws a stone.
The stone closely misses you.
You see here a bat corpse.
You see here a bat corpse.
You see here a bat corpse.
You see here a bat corpse.
You see here a bat corpse.
The kobold throws a stone.
The stone misses you.
You see here a bat corpse.
You see here a bat corpse.
You see here a bat corpse.
The kobold throws a stone.
The stone hits you but does no damage.
You see here a bat corpse.
You see here a bat corpse.
You see here a bat corpse.
You see here a bat corpse.
You see here a bat corpse.
You see here a bat corpse.
You see here a bat corpse.
You see here a bat corpse.
You see here a bat corpse.
You see here a bat skeleton.
You see here a bat skeleton.
The kobold throws a stone.
The stone hits you but does no damage.
You barely miss the kobold. The kobold closely misses you.
You riposte.
You hit the kobold but do no damage. You closely miss the kobold.
The kobold hits you but does no damage.
You hit the kobold.
You kill the kobold!
Things that are here:
a +0 short sword; 3 stones
Found a black potion.
There is an entrance to Lucosu's Assorted Antiques here.
You can access your shopping list by pressing '$'.
There is a fountain of clear blue water here.
Found a hand axe.
c - a black potion
Found a stone staircase leading down.
d - 3 stones You see here a +0 short sword.
You open the door.
A dart slug comes into view.
You see here an emerald potion.
A dart slug is nearby!
You throw a stone.
The stone hits the dart slug but does no damage.
You throw a stone.
The stone hits the dart slug but does no damage.
You throw a stone.
The stone hits the dart slug but does no damage.
The dart slug launches a dart at you. The slug dart hits you.
There is an open door here.
As you close the door, it creaks loudly!
You start resting.
HP restored.
You open the door.
There is an open door here.
d - an emerald potion A giant cockroach comes into view.
A giant cockroach is nearby!
Found Enyxong Zidgh's Assorted Antiques.
You hit the giant cockroach but do no damage.
The giant cockroach bites you but does no damage.
You completely miss the giant cockroach.
The giant cockroach misses you. The giant cockroach closely misses you.
You hit the giant cockroach.
You kill the giant cockroach!
No target in view!
An endoplasm comes into view.
The endoplasm quivers.
You see here a stone.
An endoplasm is nearby!
The endoplasm jiggles.
You barely miss the endoplasm. The endoplasm freezes you.
You are frozen.
You barely miss the endoplasm. The endoplasm freezes you.
You are frozen.
You barely miss the endoplasm. The endoplasm barely misses you.
You riposte.
You hit the endoplasm.
You kill the endoplasm!
No target in view!
No target in view!
A dart slug is nearby!
A dart slug is nearby!
f - a stone
Found 13 stones.
f - 2 stones (gained 1)
f - 3 stones (gained 1)
A bat comes into view.
Found a stone staircase leading down.
A bat is nearby!
A jackal comes into view.
The bat hits you.
You closely miss the bat. The bat completely misses you.
You hit the bat but do no damage. The bat hits you but does no damage.
The bat closely misses you.
You riposte.
You hit the bat.
The bat is moderately wounded.
No target in view!
No target in view!
No target in view!
A bat is nearby!
No target in view!
No target in view!
No target in view!
No target in view!
A bat is nearby!
The bat closely misses you.
You riposte.
You hit the bat.
The bat is severely wounded.
You barely miss the bat.
The bat is severely wounded.
The bat barely misses you.
You riposte.
You hit the bat.
You kill the bat!
No target in view!
No target in view!
A jackal is nearby!
A jackal is nearby!
The shop is a mimic!
The shop mimic chuckles and vanishes in a puff of smoke!
A hobgoblin comes into view.
The hobgoblin shouts!
The hobgoblin moves out of view.
You closely miss the hobgoblin. The hobgoblin barely misses you.
You barely miss the hobgoblin. The hobgoblin barely misses you.
You hit the hobgoblin.
The hobgoblin is heavily wounded.
The hobgoblin hits you. The hobgoblin closely misses you.
You barely miss the hobgoblin.
The hobgoblin is heavily wounded.
The hobgoblin closely misses you.
You closely miss the hobgoblin.
The hobgoblin is heavily wounded.
The hobgoblin hits you.
* * * LOW HITPOINT WARNING * * *
You hit the hobgoblin.
You kill the hobgoblin!
You have reached level 2!
You see here a hobgoblin corpse.
You start resting.
HP restored.
Found a dagger.
Found 7 sling bullets.
Found 16 arrows.
You see here a +0 dagger.
An endoplasm comes into view.
An endoplasm is nearby!
An endoplasm is nearby!
A ball python comes into view.
The endoplasm quivers.
You hit the ball python.
You kill the ball python!
You hit the endoplasm.
The endoplasm is heavily wounded.
The endoplasm hits you but does no damage.
You hit the endoplasm.
You kill the endoplasm!
You see here a ball python corpse. 2 hobgoblins come into view.
The hobgoblin shouts! x2
There are monsters nearby!
There are monsters nearby!
You see here a ball python corpse.
You see here a +0 dagger.
You hit the hobgoblin.
You kill the hobgoblin!
The hobgoblin completely misses you.
You hit the hobgoblin but do no damage. The hobgoblin closely misses you.
You hit the hobgoblin.
You kill the hobgoblin!
Things that are here:
a hobgoblin corpse; a hobgoblin corpse A jackal is nearby!
A jackal is nearby!
A jackal is nearby!
Things that are here:
a hobgoblin corpse; a hobgoblin corpse You hit the jackal.
The jackal is almost dead.
The jackal closely misses you.
The jackal bites you but does no damage.
You hit the jackal.
You kill the jackal!
Things that are here:
a jackal corpse; a hobgoblin corpse; a hobgoblin corpse A jackal comes into view.
A jackal is nearby!
A jackal is nearby!
The jackal barks!
You hear a bark!
A jackal comes into view.
The jackal moves out of view.
Things that are here:
a jackal corpse; a hobgoblin corpse; a hobgoblin corpse You hit the jackal.
You kill the jackal!
You miss the jackal. The jackal bites you. The jackal barely misses you.
You riposte.
You closely miss the jackal. You miss the jackal.
The jackal bites you but does no damage.
You hit the jackal but do no damage.
A jackal comes into view.
The jackal bites you but does no damage. x2
You barely miss the jackal.
The jackal bites you but does no damage.
The jackal barely misses you.
You riposte.
You hit the jackal but do no damage. You hit the jackal.
The jackal is lightly wounded.
The jackal barely misses you.
You hit the jackal but do no damage.
The jackal is lightly wounded.
The jackal bites you but does no damage.
The jackal barely misses you.
You riposte.
You miss the jackal.
The jackal is lightly wounded.
You barely miss the jackal.
The jackal is lightly wounded.
You hit the jackal.
The jackal is moderately wounded.
The jackal bites you.
You barely miss the jackal.
The jackal is moderately wounded.
The jackal bites you. x2
You closely miss the jackal.
The jackal is moderately wounded.
The jackal bites you.
The jackal bites you but does no damage.
You hit the jackal.
The jackal is almost dead.
The jackal barely misses you.
You barely miss the jackal.
The jackal is almost dead.
The jackal barely misses you.
You riposte.
You barely miss the jackal.
The jackal is almost dead.
The jackal barely misses you.
You barely miss the jackal.
The jackal is almost dead.
The jackal closely misses you. x2; You riposte.
You closely miss the jackal.
The jackal is almost dead.
You hit the jackal.
You kill the jackal!
The jackal barely misses you.
You barely miss the jackal. The jackal closely misses you.
You riposte.
You hit the jackal.
The jackal is severely wounded.
The jackal barely misses you.
You riposte.
You hit the jackal but do no damage.
The jackal is severely wounded.
You barely miss the jackal.
The jackal is severely wounded.
The jackal barely misses you.
You hit the jackal.
You kill the jackal!
Items here: †††††.
You start resting.
HP restored.
Memorise Blink, consuming 2 spell levels and leaving 5?
You start memorising the spell.
You continue memorising. x2
You finish memorising.
Spell assigned to 'a'.
Items here: †††††.
You see here 7 sling bullets.
A goblin comes into view. It is wielding a +0 dagger.
The goblin shouts!
The goblin moves out of view.
A goblin is nearby!
A goblin is nearby!
You barely miss the goblin. The goblin hits you but does no damage.
You hit the goblin but do no damage. The goblin hits you with a +0 dagger.
You closely miss the goblin. The goblin barely misses you.
The goblin hits you but does no damage.
You hit the goblin.
You kill the goblin!
Your Long Blades skill increases to level 3!
No target in view!
No target in view!
You see here a +0 dagger.
Found a buckler.
g - 6 boomerangs You now have 13 gold pieces (gained 6).
You see here a +0 buckler.
Found a stone staircase leading down.
You pick up a book of Fire and begin reading...
You add the spells Ignite Poison, Fireball, Starburst and Ignition to your library.
You see here a +0 buckler.
h - a +0 buckler Unknown command.
You see here 7 sling bullets.
Found 13 sling bullets.
Found Biqemocs's General Store.
A quokka comes into view.
A quokka is nearby! 2 goblins come into view.
You see here 13 stones.
f - 16 stones (gained 13)
You throw a stone. The stone closely misses the quokka.
The stone hits the goblin.
The goblin is moderately wounded.
You throw a stone.
The stone hits the quokka but does no damage.
You throw a stone. The stone hits the quokka.
The quokka is heavily wounded.
The quokka bites you.
The quokka twitches its whiskers.
The quokka bites you.
You hit the quokka.
You kill the quokka!
The goblin hits you with a +0 dagger.
You see here a stone.
You hit the goblin.
The goblin is heavily wounded.
The goblin hits you but does no damage.
You hit the goblin.
You kill the goblin!
No target in view!
No target in view!
f - 14 stones (gained 1)
f - 15 stones (gained 1)
You see here a +0 dagger.
f - 16 stones (gained 1)
A goblin is nearby!
A goblin is nearby!
A goblin is nearby!
You throw a stone. The stone hits the goblin.
The goblin shouts!
The goblin is heavily wounded.
You hear an angry hiss.
A frilled lizard comes into view.
You throw a stone. The stone barely misses the goblin.
The stone closely misses the frilled lizard.
You throw a stone. The stone misses the goblin.
You throw a stone. The stone hits the goblin.
You kill the goblin!
You throw a stone.
The stone closely misses the frilled lizard.
You throw a stone.
The stone barely misses the frilled lizard.
You hit the frilled lizard.
You kill the frilled lizard!
No target in view!
No target in view!
You enter the shallow water.
Moving in this stuff is going to be slow.
A hobgoblin comes into view.
The hobgoblin shouts!
An endoplasm comes into view.
There are monsters nearby!
No reachable target in view!
Unknown command.
You throw a stone. The stone barely misses the hobgoblin.
You throw a stone. The stone hits the hobgoblin.
The hobgoblin is moderately wounded.
You throw a stone. The stone hits the hobgoblin.
The hobgoblin is severely wounded.
You throw a stone.
The stone hits the hobgoblin but does no damage.
The hobgoblin is severely wounded.
You hit the hobgoblin but do no damage.
The hobgoblin is severely wounded.
The hobgoblin hits you!
You are too injured to fight recklessly!
You are too injured to fight recklessly!
You hit the hobgoblin but do no damage.
The hobgoblin is severely wounded.
The hobgoblin closely misses you.
You riposte.
You completely miss the hobgoblin.
The hobgoblin is severely wounded.
You barely miss the hobgoblin.
The hobgoblin is severely wounded.
The hobgoblin closely misses you.
You hit the hobgoblin.
The hobgoblin is almost dead.
The hobgoblin misses you.
You barely miss the hobgoblin.
The hobgoblin is almost dead.
The hobgoblin hits you.
* * * LOW HITPOINT WARNING * * *
You closely miss the hobgoblin.
The hobgoblin is almost dead.
The hobgoblin hits you.
* * * LOW HITPOINT WARNING * * *
You closely miss the hobgoblin.
The hobgoblin is almost dead.
The hobgoblin barely misses you.
You closely miss the hobgoblin.
The hobgoblin is almost dead.
The hobgoblin hits you.
* * * LOW HITPOINT WARNING * * *
Casting: Blink (safe; 10% risk of failure)
Confirm with . or Enter, or press ? or * to list all spells.
You blink.
The endoplasm hits you but does no damage.
Found a scroll labelled ULUBBIG TI EME.
An endoplasm comes into view.
A bat comes into view.
An endoplasm comes into view.
You hit the endoplasm.
The endoplasm is heavily wounded.
The endoplasm freezes you.
You are frozen.
* * * LOW HITPOINT WARNING * * *
The endoplasm freezes you.
You are frozen.
You die...

.....##.#÷##.#...#..#8.#.8#..#...
....##....##.#..###.##.#.##.###..
.....#..#.##.#..###.#8.#.8#.###..
.....(..#.##.##..#..# .# #..#...
....###...##.##.....# #......
..### ##..##.##.g...###+###......
.## #...#.###.#............... .#
##....)###J#............... .#
##.......##@#....>.......... ##
#.(.......#.#..........)....
#.........#.#.............#.
#.........#.#............##.
#.........#.#...............
#.........#......#######.##.
##........#......#######.##.
#...........................
######.................##.....#.#


You could see an endoplasm and a hobgoblin.

Vanquished Creatures
  2 endoplasms (D:1)
  A giant cockroach (D:1)
  3 goblins (D:1)
  4 hobgoblins
  4 jackals (D:1)
  A kobold (D:1)
  A quokka (D:1)
  A ball python (D:1)
  2 bats (D:1)
  A frilled lizard (D:1)
20 creatures vanquished.

Notes
Turn   | Place    | Note
-------+----------+-------------------------------------------
     0 | D:1      | sleeves the Deep Elf Warper began the quest for the Orb.
     0 | D:1      | Reached XP level 1. HP: 12/12 MP: 6/6
    10 | D:1      | You fall into a shaft and drop 1 floor!
    13 | D:2      | Noticed Terence
    24 | D:2      | Noticed Natasha
    67 | D:2      | HP: 5/12 [hobgoblin (6)]
    81 | D:2      | HP: 2/12 [hobgoblin (4)]
   324 | D:1      | Found Lucosu's Assorted Antiques.
   333 | D:1      | HP: 3/12 [kobold/+0 short sword (6)]
   338 | D:1      | HP: 2/12 [bat (1)]
   340 | D:1      | Reached skill level 2 in Long Blades
   765 | D:1      | Found Enyxong Zidgh's Assorted Antiques.
   889 | D:1      | HP: 5/12 [hobgoblin (4)]
   891 | D:1      | Reached XP level 2. HP: 7/16 MP: 8/8
  1252 | D:1      | Learned a level 2 spell: Blink
  1279 | D:1      | Reached skill level 3 in Long Blades
  1425 | D:1      | Found Biqemocs's General Store.
  1560 | D:1      | HP: 5/16 [hobgoblin (4)]
  1609 | D:1      | HP: 3/16 [endoplasm/Freeze (3)]
  1618 | D:1      | Killed from afar by an endoplasm

Illustrated notes

Levels and vault maps discovered:
D:1:      heliophobic_arrival_ceremonial_halls, layout_rooms, serial_shops,
          shop_fountains, nicolae_shop_waterfront, shop, nicolae_shop_stone
D:2:      layout_loops_corners, serial_co_window_serial, co_window_cross_1,
          co_window_corner_a, co_window_corner_a, co_window_corner_a,
          co_window_corner_a, co_window_cross_2, co_window_corner_b,
          co_window_corner_b, co_window_paths_c, glass_columns_b,
          glass_columns_b, glass_columns_a, glass_columns_a, glass_columns_a,
          uniq_natasha, uniq_terence

Skill      XL: |  1  2 |
---------------+-------+-----
Long Blades    | 2 3 |  3.1
Fighting       | |  1.5
Throwing       | |  1.0
Armour         | |  0.7
Dodging        | |  2.4
Spellcasting   | |  3.0
Translocations | |  3.2

Action                   || total
-------------------------++-------
Melee: Falchion          ||    72
Throw: Stone             ||    16
 Cast: Blink             ||     1
  Use: Scroll            ||     1
Armor: Leather armour    ||    21
Dodge: Dodged            ||    59
       Rpst.: Falchion   ||    22

Table legend: (Time is in decaauts)
 A = Elapsed time spent in this place.
 B = Non-inter-level travel time spent in this place.
 C = Inter-level travel time spent in this place.
 D = Time resting spent in this place.
 E = Time spent auto-exploring this place.
 F = Levels seen in this place.
 G = Mean time per level.
                   A        B        C        D        E       F      G
               +--------+--------+--------+--------+--------+-----+--------+
         Total |   1631 |   1609 |     22 |    579 |    390 |   2 |  815.5 |
       Dungeon |   1631 |   1609 |     22 |    579 |    390 |   2 |  815.5 |
               +--------+--------+--------+--------+--------+-----+--------+

Top non-repeatable levels by time:
     D:1: 1544 daAuts
     D:2: 87 daAuts
